 Dungeon Crawl Stone Soup version 0.32-a0-779-g362cfcae2a (webtiles) character file.

Game seed: 5919286946810609546

199 Dordric the Cudgeller (level 4, -3/38 HPs)
             Began as a Mountain Dwarf Monk on Mar 20, 2024.
             Was a Follower of Ru.
             Slain by Edmund
             ... wielding a +0 flail of holy wrath
              (10 damage)
             ... on level 4 of the Dungeon.
             The game lasted 00:02:21 (2616 turns).

Dordric the Cudgeller (Mountain Dwarf Monk)         Turns: 2616, Time: 00:02:22

Health: -3/38      AC:  6    Str: 16    XL:     4   Next: 48%
Magic:  4/4        EV: 10    Int: 10    God:    Ru [*.....]
Gold:   136        SH:  0    Dex: 12    Spells: 3/3 levels left

rFire   . . .        a - +0 mace
rCold   . . .        d - orb {light}
rNeg    . . .        g - +0 ring mail
rPois   .            i - +0 helmet
rElec   .            (no cloak)
rCorr   .            (no gloves)
SInv    .            (no boots)
Will    .....        (no amulet) Stlth
                     (no ring)
HPRegen 0.26/turn    (no ring)
MPRegen 0.09/turn

%: no passive effects
@: confused, ambrosia-drunk, glowing
A: inexperienced 1, runic magic, artefact enchanting
a: Renounce Religion


You were on level 4 of the Dungeon.
You worshipped Ru.
Ru was aware of your devotion.
You visited 1 branch of the dungeon, and saw 4 of its levels.

You collected 136 gold pieces.

Inventory:

Hand Weapons
 a - a +0 mace (weapon)
Armour
 b - a +0 robe
 d - an orb of light (worn)
 g - a +0 ring mail (worn)
 i - a +0 helmet (worn)
Scrolls
 f - 2 scrolls of enchant weapon {unknown}
 h - a scroll of poison {unknown}
 l - a scroll of immolation {unknown}
 m - a scroll of blinking {unknown}
 n - a scroll of silence {unknown}
 s - a scroll of vulnerability {unknown}
 t - a scroll of noise {unknown}
 u - a scroll of identify {unknown}
Potions
 e - a potion of enlightenment {unknown}
 j - a potion of curing {unknown}
 k - 3 potions of attraction {unknown}
 o - a potion of resistance {unknown}
 p - a potion of degeneration {unknown}
 q - a potion of berserk rage {unknown}
 r - a potion of might {unknown}


   Skills:
 - Level 3.2 Fighting
 + Level 7.5 Maces & Flails
 - Level 2.1 Dodging


You had 3 spell levels left.
You didn't know any spells.
Your spell library contained the following spells:

 Spells                   Type           Power      Damage    Failure   Level
 Slow                     Hex            0%         N/A       41%         1
 Confusing Touch          Hex            0%         N/A       78%         3
 Summon Ice Beast         Ice/Summ       0%         N/A       78%         3
 Vampiric Draining        Necr           0%         2d6       78%         3
 Summon Mana Viper        Hex/Summ       0%         N/A       100%        5
 Monstrous Menagerie      Summ           0%         N/A       100%        7


Dungeon Overview and Level Annotations

Branches:
Dungeon (4/15)
 Temple: D:4-7

Altars:
Ru

Annotations:
D:4 Edmund


Innate Abilities, Weirdness & Mutations

You are somewhat inexperienced. (-1 XL)
Your spellcasting is much less encumbered by armour.
You can use scrolls of enchantment on lesser artefacts.


Message History

You are too injured to fight recklessly!
You are too injured to fight recklessly!
You are too injured to fight recklessly!
You are too injured to fight recklessly!
You are too injured to fight recklessly!
You are too injured to fight recklessly!
You are too injured to fight recklessly!
You are too injured to fight recklessly!
You are too injured to fight recklessly!
You are too injured to fight recklessly!
You are too injured to fight recklessly!
You are too injured to fight recklessly!
You barely miss Edmund.
Edmund is moderately wounded.
Edmund hits you with a +0 flail of holy wrath.
You barely miss Edmund.
Edmund is moderately wounded.
Edmund hits you with a +0 flail of holy wrath.
You hit Edmund.
Edmund is moderately wounded.
Edmund hits you with a +0 flail of holy wrath.
You hit Edmund.
Edmund is moderately wounded.
Edmund hits you with a +0 flail of holy wrath.
* * * LOW HITPOINT WARNING * * *
You barely miss Edmund.
Edmund is moderately wounded.
Edmund hits you with a +0 flail of holy wrath.
* * * LOW HITPOINT WARNING * * *
Okay, then.
You are confused.
You feel invigorated.
Edmund hits you with a +0 flail of holy wrath.
* * * LOW HITPOINT WARNING * * *
You hit Edmund.
Edmund is moderately wounded.
Edmund hits you with a +0 flail of holy wrath!
You die...
Edmund says, "That'll show my brother!"
Ru respects your ultimate sacrifice.

## ###
#.###.#
#.....####
####........#
#.....##.##†#
#.###@##.#<.#
#..@##.####
###....#
..##.. #.##.#
...... ..#
..#


You could see Edmund.

Vanquished Creatures
  A scorpion (D:4)
  A bombardier beetle (D:3)
  A gnoll bouda (D:3)
  3 adders
  A white imp (D:3)
  A ribbon worm (D:3)
  A dart slug (D:2)
  2 orcs (D:3)
  6 ball pythons
  4 bats
  2 endoplasms
  A giant cockroach (D:2)
  5 goblins (D:3)
  5 hobgoblins
  2 jackals (D:2)
  2 kobolds
  A quokka (D:2)
  A frilled lizard (D:2)
  A rat (D:3)
41 creatures vanquished.

Notes
Turn   | Place    | Note
-------+----------+-------------------------------------------
     0 | D:1      | Dordric the Mountain Dwarf Monk began the quest for the
                  | Orb.
     0 | D:1      | Reached XP level 1. HP: 19/19 MP: 1/1
   288 | D:1      | Reached skill level 4 in Maces & Flails
   950 | D:2      | You fall into a shaft and drop 1 floor!
   950 | D:3      | Found a sacrificial altar of Ru.
  1011 | D:2      | Reached XP level 2. HP: 26/26 MP: 2/2
  1239 | D:3      | Became a worshipper of Ru the Awakened
  1258 | D:3      | Gained mutation: You are somewhat inexperienced. (-1 XL)
                  | [Ru sacrifice]
  1258 | D:3      | Reached XP level 1. HP: 19/19 MP: 1/1
  1258 | D:3      | Reached * piety under Ru
  1300 | D:3      | Noticed a bombardier beetle
  1308 | D:3      | Killed a bombardier beetle
  1309 | D:3      | Reached skill level 5 in Maces & Flails
  1309 | D:3      | Reached XP level 2. HP: 23/26 MP: 2/2
  1793 | D:2      | Reached XP level 3. HP: 31/31 MP: 3/3
  1884 | D:2      | Reached skill level 6 in Maces & Flails
  2245 | D:3      | Reached XP level 4. HP: 34/38 MP: 4/4
  2300 | D:3      | Reached skill level 7 in Maces & Flails
  2602 | D:4      | Noticed Edmund
  2616 | D:4      | Slain by Edmund

Illustrated notes

Levels and vault maps discovered:
D:1:      zelgadis_glass_arrival_small, layout_loops_corners
D:2:      layout_basic
D:3:      minmay_chambers_of_twos, layout_basic, nicolae_ru_sacrificial_ziggurat
D:4:      corexii_shack_village, layout_basic, minmay_temple_entry_grid,
          portal_sewer_entry_b, chequers_serial_rivers_micro_a,
          minmay_manual_mares, uniq_edmund

Skill      XL: |  1  2  3  4 |
---------------+-------------+-----
Maces & Flails | 5 6 7 |  7.5
Fighting       | |  3.2
Dodging        | |  2.1

Action                     |  1- 3 |  4- 6 || total
---------------------------+-------+-------++-------
  Melee: Mace              |   106 |    32 ||   138
 Invoke: Sacrifice Experie |     1 |       ||     1
    Use: Potion            |       |     1 ||     1
 Armour: Robe              |    15 |       ||    15
         Ring mail         |    60 |    20 ||    80
  Dodge: Dodged            |    72 |    13 ||    85

Table legend: (Time is in decaauts)
 A = Elapsed time spent in this place.
 B = Non-inter-level travel time spent in this place.
 C = Inter-level travel time spent in this place.
 D = Time resting spent in this place.
 E = Time spent auto-exploring this place.
 F = Levels seen in this place.
 G = Mean time per level.
                   A        B        C        D        E       F      G
               +--------+--------+--------+--------+--------+-----+--------+
         Total |   2630 |   2461 |    169 |     43 |   2084 |   4 |  657.5 |
       Dungeon |   2630 |   2461 |    169 |     43 |   2084 |   4 |  657.5 |
               +--------+--------+--------+--------+--------+-----+--------+

Top non-repeatable levels by time:
     D:3: 956 daAuts
     D:1: 942 daAuts
     D:2: 685 daAuts
     D:4: 45 daAuts
